[Event "V Copa Marcel Duchamp 2022"]
[Site "Montevideo"]
[Date "2022.02.12"]
[Round "1.22"]
[White "Montiel Caceres, Helen"]
[Black "Spata, German"]
[Result "0-1"]
[ECO "D45"]
[WhiteElo "1625"]
[BlackElo "2300"]
[Annotator "RC"]
[PlyCount "60"]
[EventDate "2022.02.12"]
[EventCountry "URU"]
[SourceTitle "playchess.com"]
[Source "ChessBase"]
[SourceQuality "1"]
[TimeControl "5400+30"]

1. d4 e6 2. c4 Nf6 3. Nf3 d5 4. Nc3 c6 5. e3 Nbd7 6. b3 Bd6 7. Bd3 O-O 8. O-O b6 9. Bb2 Bb7 10. Qe2 c5 11. cxd5 exd5 12. Rfd1 a6 13. Rac1 Re8 14. Na4 c4 15. Bf5 b5 16. Nc5 Bc6 17. b4 Qc7 18. g3 g6 19. Bb1 Re7 20. h4 a5 21. Bc3 Rae8 22. Qe1 Bxg3 23. Nxd7 Bxd7 24. Ne5 Bxh4 25. bxa5 Ng4 26. Rd2 f6 27. Bb4 Nxe5 28. dxe5 Rxe5 29. Rd4 Rg5+ 30. Kf1 Qh2 0-1

[Event "V Copa Marcel Duchamp 2022"]
[Site "Montevideo"]
[Date "2022.02.12"]
[Round "1.31"]
[White "Muniz, Rafael"]
[Black "Bon, Charles"]
[Result "1-0"]
[ECO "B42"]
[WhiteElo "2194"]
[BlackElo "1562"]
[Annotator "NA"]
[PlyCount "49"]
[EventDate "2022.02.12"]
[EventCountry "URU"]
[SourceTitle "playchess.com"]
[Source "ChessBase"]
[SourceQuality "1"]
[TimeControl "5400+30"]

1. e4 c5 2. Nf3 e6 3. d4 cxd4 4. Nxd4 a6 5. Bd3 Qc7 6. f4 Nc6 7. Nxc6 dxc6 8. O-O Bc5+ 9. Kh1 Nf6 10. e5 Nd5 11. Qe2 b5 12. a3 Bb7 13. Nd2 Be7 14. Ne4 c5 15. c4 bxc4 16. Bxc4 Nb6 17. Bd3 c4 18. Bc2 Rc8 19. f5 Qxe5 20. Bf4 Qd5 21. Rad1 Qc6 22. Qg4 exf5 23. Qxg7 fxe4 24. Qxh8+ Bf8 25. Bxe4 1-0

[Event "V Copa Marcel Duchamp 2022"]
[Site "Montevideo"]
[Date "2022.02.12"]
[Round "1.32"]
[White "Blanco, Rudemar Ernesto"]
[Black "Carvalho, Guillermo"]
[Result "0-1"]
[ECO "D00"]
[WhiteElo "1549"]
[BlackElo "2171"]
[Annotator "NA"]
[PlyCount "66"]
[EventDate "2022.02.12"]
[EventCountry "URU"]
[SourceTitle "playchess.com"]
[Source "ChessBase"]
[SourceQuality "1"]
[TimeControl "5400+30"]

1. d4 d5 2. Bf4 e6 3. e3 Nf6 4. Nf3 c5 5. c3 Nc6 6. Nbd2 Bd6 7. Bg3 O-O 8. Bd3 b6 9. Ne5 Bb7 10. Nxc6 Bxc6 11. Bxd6 Qxd6 12. Nf3 Ne4 13. O-O f6 14. Nd2 Nxd2 15. Qxd2 e5 16. Be2 Rad8 17. a3 Rfe8 18. Rfe1 Re7 19. Bf1 Be8 20. Bd3 Bf7 21. Bf5 Rde8 22. g3 Bh5 23. Bd3 Bf3 24. Be2 Be4 25. Bd3 exd4 26. Bxe4 Rxe4 27. exd4 cxd4 28. Rxe4 Rxe4 29. cxd4 Qe6 30. Rd1 h5 31. h4 Re2 32. Qc3 Qf5 33. f3 Qh3 0-1

[Event "V Copa Marcel Duchamp 2022"]
[Site "Montevideo"]
[Date "2022.02.12"]
[Round "1.33"]
[White "Granara Barreto, Sebastian"]
[Black "Agrasot, Antonio"]
[Result "1-0"]
[ECO "B12"]
[WhiteElo "2131"]
[BlackElo "1548"]
[Annotator "ChessBase"]
[PlyCount "83"]
[EventDate "2022.02.12"]
[EventCountry "URU"]
[SourceTitle "playchess.com"]
[Source "ChessBase"]
[SourceQuality "1"]
[TimeControl "5400+30"]

1. e4 c6 2. d4 d5 3. e5 Bf5 4. h4 h6 5. Bd3 Bxd3 6. Qxd3 e6 7. Be3 Nd7 8. Ne2 Qb6 9. Qb3 Qxb3 10. axb3 c5 11. Nbc3 cxd4 12. Bxd4 a6 13. O-O-O Bc5 14. f4 O-O-O 15. Bxc5 Nxc5 16. b4 Nd7 17. Nd4 Ne7 18. h5 b5 19. g4 Kb7 20. Rhe1 Nc6 21. Nxc6 Kxc6 22. Ne2 Kb7 23. Nd4 Nb8 24. f5 Rhe8 25. fxe6 fxe6 26. Rf1 Rd7 27. Nb3 Rc7 28. Nc5+ Kb6 29. c3 Nd7 30. Nxd7+ Rxd7 31. Rd4 Ree7 32. Rdf4 Kc7 33. Kd2 Kd8 34. Kd3 Rc7 35. b3 Kc8 36. Rf8+ Kb7 37. R1f4 Rc8 38. Rxc8 Kxc8 39. Kd4 Rc7 40. Rf8+ Kb7 41. Re8 Rc6 42. Re7+ 1-0

[Event "V Copa Marcel Duchamp 2022"]
[Site "Montevideo"]
[Date "2022.02.12"]
[Round "1.36"]
[White "Lavandeira, Juan Bautista"]
[Black "Brizzi, Milagros Tatiana"]
[Result "0-1"]
[ECO "E09"]
[WhiteElo "1516"]
[BlackElo "2063"]
[Annotator "ChessBase"]
[PlyCount "58"]
[EventDate "2022.02.12"]
[EventCountry "URU"]
[SourceTitle "playchess.com"]
[Source "ChessBase"]
[SourceQuality "1"]
[TimeControl "5400+30"]

1. d4 d5 2. c4 c6 3. g3 Nf6 4. Bg2 e6 5. Nf3 Nbd7 6. O-O Be7 7. Qc2 O-O 8. Nbd2 b6 9. e4 Bb7 10. b3 Rc8 11. e5 Ne8 12. Bb2 Nc7 13. Rac1 a5 14. a3 c5 15. Rfd1 cxd4 16. a4 Bc5 17. Qd3 f6 18. exf6 Qxf6 19. Bxd4 e5 20. Bxc5 Nxc5 21. Qe3 e4 22. Ne1 d4 23. Qe2 Rce8 24. Qg4 Qxf2+ 25. Kh1 e3 26. Ndf3 e2 27. Rxd4 Qf1+ 28. Ng1 Bxg2+ 29. Nxg2 Qxc1 0-1

[Event "V Copa Marcel Duchamp 2022"]
[Site "Montevideo"]
[Date "2022.02.13"]
[Round "2.15"]
[White "Durante, Aurelio"]
[Black "Labollita, Martin"]
[Result "1/2-1/2"]
[ECO "B03"]
[WhiteElo "1944"]
[BlackElo "2388"]
[Annotator "RC"]
[PlyCount "66"]
[EventDate "2022.02.12"]
[EventCountry "URU"]
[SourceTitle "playchess.com"]
[Source "ChessBase"]
[SourceQuality "1"]
[TimeControl "5400+30"]

1. e4 Nf6 2. e5 Nd5 3. c4 Nb6 4. d4 d6 5. exd6 exd6 6. Nc3 Be7 7. Be3 c6 8. h3 Bf5 9. Nf3 O-O 10. Be2 Re8 11. Qb3 Qc8 12. O-O Na6 13. a3 Nd7 14. Rfe1 Nc7 15. Rad1 h6 16. d5 c5 17. Bf4 Bf8 18. Bf1 Rb8 19. Rxe8 Nxe8 20. Nd2 a6 21. Re1 Ndf6 22. Nce4 Nxe4 23. Nxe4 b5 24. cxb5 axb5 25. Ng3 Bg6 26. Bxb5 Nc7 27. a4 Qb7 28. Ne4 Bxe4 29. Rxe4 Nxd5 30. Qg3 Nc3 31. Re1 Nxb5 32. axb5 Qxb5 33. Bxd6 Bxd6 1/2-1/2

[Event "V Copa Marcel Duchamp 2022"]
[Site "Montevideo"]
[Date "2022.02.13"]
[Round "2.16"]
[White "Vitoux, Colomban"]
[Black "Rodriguez Farias, Eduardo"]
[Result "1-0"]
[ECO "A05"]
[WhiteElo "2372"]
[BlackElo "1931"]
[Annotator "ChessBase"]
[PlyCount "59"]
[EventDate "2022.02.12"]
[EventCountry "URU"]
[SourceTitle "playchess.com"]
[Source "ChessBase"]
[SourceQuality "1"]
[TimeControl "5400+30"]

1. Nf3 Nf6 2. c4 c5 3. g3 d5 4. cxd5 Nxd5 5. Bg2 Nc6 6. b3 e5 7. Bb2 f6 8. O-O Be7 9. Nc3 Nc7 10. Rc1 Bd7 11. e3 Bg4 12. h3 Bh5 13. g4 Bg6 14. d4 exd4 15. exd4 cxd4 16. Ne2 Ne6 17. Nfxd4 Ncxd4 18. Nxd4 Nf4 19. Qf3 Nxg2 20. Qxg2 Qd7 21. Rfd1 Rd8 22. Qf3 Qd5 23. Qxd5 Rxd5 24. Rc7 Kf7 25. f4 h5 26. Re1 Re8 27. Ba3 Rxd4 28. f5 Bh7 29. Rcxe7+ Rxe7 30. Rxe7+ 1-0

[Event "V Copa Marcel Duchamp 2022"]
[Site "Montevideo"]
[Date "2022.02.13"]
[Round "2.17"]
[White "Pinero, Ismael"]
[Black "Coro, Lucas"]
[Result "0-1"]
[ECO "B90"]
[WhiteElo "1906"]
[BlackElo "2355"]
[Annotator "ChessBase"]
[PlyCount "72"]
[EventDate "2022.02.12"]
[EventCountry "URU"]
[SourceTitle "playchess.com"]
[Source "ChessBase"]
[SourceQuality "1"]
[TimeControl "5400+30"]

1. e4 c5 2. Nf3 d6 3. d4 cxd4 4. Nxd4 Nf6 5. Nc3 a6 6. f3 e5 7. Nb3 Be6 8. Be3 Be7 9. Qd2 O-O 10. O-O-O a5 11. Bb5 Na6 12. g4 Nc7 13. Qe2 Qc8 14. g5 Nh5 15. Kb1 g6 16. Rhg1 Kh8 17. h4 Nxb5 18. Qxb5 a4 19. Nd2 Qc6 20. a3 Rfc8 21. Qd3 f5 22. Nd5 Bxd5 23. exd5 Qc7 24. c4 Bf8 25. Rc1 b6 26. Nf1 Bg7 27. Bd2 Rab8 28. Ng3 Nf4 29. Bxf4 exf4 30. Ne2 Qc5 31. Nxf4 b5 32. cxb5 Qf2 33. Ne2 Re8 34. Nc3 Re3 35. Rgf1 Qxb2+ 36. Kxb2 Rxd3 0-1

[Event "V Copa Marcel Duchamp 2022"]
[Site "Montevideo"]
[Date "2022.02.13"]
[Round "2.20"]
[White "Vazquez, Facundo"]
[Black "Quevedo, Andreina"]
[Result "1-0"]
[ECO "E63"]
[WhiteElo "2319"]
[BlackElo "1867"]
[Annotator "ChessBase"]
[PlyCount "47"]
[EventDate "2022.02.12"]
[EventCountry "URU"]
[SourceTitle "playchess.com"]
[Source "ChessBase"]
[SourceQuality "1"]
[TimeControl "5400+30"]

1. d4 Nf6 2. c4 g6 3. g3 Bg7 4. Bg2 O-O 5. Nf3 d6 6. O-O Nc6 7. Nc3 a6 8. b3 e5 9. e3 Rb8 10. Bb2 Bd7 11. Rc1 b5 12. cxb5 axb5 13. dxe5 Nxe5 14. Nxe5 dxe5 15. Nd5 Nxd5 16. Qxd5 Bf5 17. Qxd8 Rfxd8 18. Rxc7 Rd2 19. Bc3 Rc2 20. Bd5 Kh8 21. e4 Bh3 22. Bxe5 Rxc7 23. Bxc7 Rc8 24. Rc1 1-0

[Event "V Copa Marcel Duchamp 2022"]
[Site "Montevideo"]
[Date "2022.02.13"]
[Round "2.21"]
[White "Rodriguez Buela, Martin"]
[Black "Lopez Azambuja, Nicolas"]
[Result "0-1"]
[ECO "A67"]
[WhiteElo "1796"]
[BlackElo "2318"]
[Annotator "ChessBase"]
[PlyCount "58"]
[EventDate "2022.02.12"]
[EventCountry "URU"]
[SourceTitle "playchess.com"]
[Source "ChessBase"]
[SourceQuality "1"]
[TimeControl "5400+30"]

1. d4 Nf6 2. c4 c5 3. d5 e6 4. Nc3 exd5 5. cxd5 d6 6. e4 g6 7. f4 Bg7 8. Bb5+ Nfd7 9. a4 Qh4+ 10. g3 Qe7 11. Qc2 Na6 12. Bxa6 bxa6 13. Nf3 O-O 14. O-O Rb8 15. Re1 Rb4 16. a5 Nf6 17. e5 dxe5 18. d6 Qb7 19. Nxe5 Ng4 20. Na4 Bf5 21. Qd1 Rd4 22. Qf3 Qb4 23. Nc3 Re8 24. Ra4 Qb8 25. d7 Rxd7 26. Rd1 Rxd1+ 27. Qxd1 Nxe5 28. fxe5 Bxe5 29. Rc4 Bxg3 0-1

[Event "V Copa Marcel Duchamp 2022"]
[Site "Montevideo"]
[Date "2022.02.13"]
[Round "2.23"]
[White "Martinez Tagliafico, Sergio"]
[Black "Coppola, Claudio"]
[Result "0-1"]
[ECO "A57"]
[WhiteElo "1780"]
[BlackElo "2285"]
[Annotator "ChessBase"]
[PlyCount "60"]
[EventDate "2022.02.12"]
[EventCountry "URU"]
[SourceTitle "playchess.com"]
[Source "ChessBase"]
[SourceQuality "1"]
[TimeControl "5400+30"]

1. d4 Nf6 2. c4 c5 3. d5 b5 4. Qc2 bxc4 5. e4 g6 6. Bxc4 d6 7. Nf3 Nbd7 8. O-O Bg7 9. Nc3 O-O 10. Re1 Nh5 11. h3 Rb8 12. b3 Ba6 13. Bb2 Bxc4 14. bxc4 Qa5 15. Nd1 Ne5 16. Bc3 Nxf3+ 17. gxf3 Bxc3 18. Qxc3 Qxc3 19. Nxc3 Nf4 20. h4 a6 21. Rab1 Nd3 22. Rxb8 Rxb8 23. Rb1 Rb2 24. Rxb2 Nxb2 25. Kf1 Nxc4 26. Ke2 Kg7 27. f4 Na3 28. e5 Nb5 29. Kd3 Nxc3 30. Kxc3 Kh6 0-1

[Event "V Copa Marcel Duchamp 2022"]
[Site "Montevideo"]
[Date "2022.02.13"]
[Round "2.24"]
[White "Carbone, Diego"]
[Black "Visillac, Alejandro"]
[Result "1-0"]
[ECO "E01"]
[WhiteElo "2272"]
[BlackElo "1814"]
[Annotator "ChessBase"]
[PlyCount "55"]
[EventDate "2022.02.12"]
[EventCountry "URU"]
[SourceTitle "playchess.com"]
[Source "ChessBase"]
[SourceQuality "1"]
[TimeControl "5400+30"]

1. d4 e6 2. c4 Nf6 3. g3 d5 4. Bg2 c5 5. Nf3 Be7 6. O-O Nc6 7. dxc5 Bxc5 8. a3 a5 9. cxd5 Qxd5 10. Qc2 Ba7 11. Nc3 Qh5 12. h3 O-O 13. g4 Nxg4 14. hxg4 Qxg4 15. Qe4 Qh5 16. Qh4 Qg6 17. Qg5 Qc2 18. Ne1 Qg6 19. Qxg6 fxg6 20. Nb5 Nd4 21. Nxd4 Bxd4 22. Nd3 Ra6 23. Bg5 h6 24. Be7 Rf5 25. Rac1 Bd7 26. Bxb7 Rb6 27. Be4 Rh5 28. Bxg6 1-0

[Event "V Copa Marcel Duchamp 2022"]
[Site "Montevideo"]
[Date "2022.02.13"]
[Round "2.25"]
[White "Kulik, Nicolas"]
[Black "Miranda, Rafael"]
[Result "1-0"]
[ECO "B99"]
[WhiteElo "1775"]
[BlackElo "2264"]
[Annotator "ChessBase"]
[PlyCount "48"]
[EventDate "2022.02.12"]
[EventCountry "URU"]
[SourceTitle "playchess.com"]
[Source "ChessBase"]
[SourceQuality "1"]
[TimeControl "5400+30"]

1. e4 c5 2. Nf3 d6 3. d4 cxd4 4. Nxd4 Nf6 5. Nc3 a6 6. Bg5 e6 7. f4 Be7 8. Qf3 Qc7 9. O-O-O Nbd7 10. g4 h6 11. Bxf6 Bxf6 12. Bg2 g5 13. h4 gxf4 14. g5 hxg5 15. hxg5 Rxh1 16. Bxh1 Bxd4 17. Rxd4 Qc5 18. Ne2 Nf8 19. Qd3 e5 20. Rxd6 Bg4 21. Rd5 Qf2 22. Rxe5+ Ne6 23. Kd2 Bxe2 24. Rxe6+ fxe6 1-0

[Event "V Copa Marcel Duchamp 2022"]
[Site "Montevideo"]
[Date "2022.02.13"]
[Round "2.30"]
[White "Fernandez, Maria Florencia"]
[Black "Perez Selios, Luis"]
[Result "1-0"]
[ECO "D18"]
[WhiteElo "2200"]
[BlackElo "1429"]
[Annotator "ChessBase"]
[PlyCount "75"]
[EventDate "2022.02.12"]
[EventCountry "URU"]
[SourceTitle "playchess.com"]
[Source "ChessBase"]
[SourceQuality "1"]
[TimeControl "5400+30"]

1. d4 d5 2. c4 c6 3. Nc3 Nf6 4. Nf3 dxc4 5. a4 Bf5 6. e3 e6 7. Bxc4 Bb4 8. Qb3 Qe7 9. O-O Nbd7 10. Na2 a5 11. Nxb4 Qxb4 12. Qxb4 axb4 13. Bd2 Nb6 14. Bb3 Nbd5 15. Rfe1 Ne4 16. Bxd5 Nxd2 17. Bxc6+ bxc6 18. Nxd2 O-O 19. Rec1 Rfc8 20. Rc4 Bd3 21. Rxb4 c5 22. dxc5 Rxc5 23. Nb3 Rc2 24. Nd4 Rd2 25. a5 Ba6 26. Nc6 Kf8 27. Rb6 Ke8 28. b4 Rb2 29. Rd1 f6 30. h3 e5 31. Nb8 Be2 32. Rc1 Bd3 33. Rb7 Rc2 34. Rxc2 Bxc2 35. Nc6 Be4 36. b5 Bxc6 37. bxc6 Rxa5 38. Rb8+ 1-0

[Event "V Copa Marcel Duchamp 2022"]
[Site "Montevideo"]
[Date "2022.02.13"]
[Round "2.31"]
[White "Lanzilotta, Filippo"]
[Black "Muniz, Rafael"]
[Result "0-1"]
[ECO "B07"]
[WhiteElo "1299"]
[BlackElo "2194"]
[Annotator "ChessBase"]
[PlyCount "48"]
[EventDate "2022.02.12"]
[EventCountry "URU"]
[SourceTitle "playchess.com"]
[Source "ChessBase"]
[SourceQuality "1"]
[TimeControl "5400+30"]

1. e4 d6 2. d4 Nf6 3. Nc3 c6 4. Bd3 e5 5. Nge2 Be7 6. Be3 b5 7. a3 a6 8. O-O O-O 9. f4 Ng4 10. Bd2 exd4 11. Nxd4 Qb6 12. Nce2 Bf6 13. e5 dxe5 14. fxe5 Bxe5 15. c3 c5 16. Qb3 cxd4 17. Bc4 dxc3+ 18. Kh1 Nf2+ 19. Kg1 cxb2 20. Rae1 Nd3+ 21. Kh1 Nxe1 22. Rxf7 Rxf7 23. Bxf7+ Kh8 24. Qd5 Bb7 0-1

[Event "V Copa Marcel Duchamp 2022"]
[Site "Montevideo"]
[Date "2022.02.13"]
[Round "2.34"]
[White "Martello, Benjamin"]
[Black "Martinez Alvarez, Mateo"]
[Result "0-1"]
[ECO "B50"]
[WhiteElo "1594"]
[BlackElo "1093"]
[Annotator "NA"]
[PlyCount "74"]
[EventDate "2022.02.12"]
[EventCountry "URU"]
[SourceTitle "playchess.com"]
[Source "ChessBase"]
[SourceQuality "1"]
[TimeControl "5400+30"]

1. e4 c5 2. Nf3 d6 3. c3 Nf6 4. Be2 Nc6 5. d3 e6 6. O-O Be7 7. Re1 O-O 8. Bf1 Qc7 9. d4 cxd4 10. cxd4 a6 11. Nc3 b5 12. d5 b4 13. dxc6 bxc3 14. e5 Nd5 15. Qa4 dxe5 16. Nxe5 Bf6 17. Ng4 Be7 18. Bd3 f5 19. Ne5 Bf6 20. f4 Qb6+ 21. Kh1 Bxe5 22. fxe5 cxb2 23. Bxb2 Qxb2 24. Rab1 Qd2 25. Bc4 Nc3 26. Qb3 Nxb1 27. Bxe6+ Kh8 28. Rxb1 Bxe6 29. Qxe6 Rad8 30. h3 Qd5 31. Qxd5 Rxd5 32. c7 Rxe5 33. Rb8 Ree8 34. Rb7 Re1+ 35. Kh2 Rc1 36. Rb8 Kg8 37. Rb7 Rc8 0-1

[Event "V Copa Marcel Duchamp 2022"]
[Site "Montevideo"]
[Date "2022.02.13"]
[Round "2.36"]
[White "Dotta, Gian Franco"]
[Black "Blanco, Rudemar Ernesto"]
[Result "1-0"]
[ECO "D30"]
[WhiteElo "1991"]
[BlackElo "1549"]
[Annotator "NA"]
[PlyCount "54"]
[EventDate "2022.02.12"]
[EventCountry "URU"]
[SourceTitle "playchess.com"]
[Source "ChessBase"]
[SourceQuality "1"]
[TimeControl "5400+30"]

1. d4 d5 2. c4 e6 3. g3 Nf6 4. Nf3 Bb4+ 5. Bd2 Be7 6. Bg2 O-O 7. O-O Nbd7 8. Qc2 b6 9. Ne5 Nxe5 10. dxe5 Ne8 11. cxd5 exd5 12. Qc6 Rb8 13. Qxd5 Qxd5 14. Bxd5 Bb7 15. Bxb7 Rxb7 16. Nc3 c6 17. Rac1 Nc7 18. Ne4 c5 19. Nd6 Bxd6 20. exd6 Nb5 21. Bf4 Rd7 22. Rcd1 Rfd8 23. Rd2 Nd4 24. Kg2 f6 25. h3 Ne6 26. Rfd1 Kf7 27. Be3 Nf8 1-0

[Event "V Copa Marcel Duchamp 2022"]
[Site "Montevideo"]
[Date "2022.02.13"]
[Round "3.21"]
[White "Masoller, Martin"]
[Black "Guerrero, Alvaro"]
[Result "0-1"]
[ECO "B19"]
[WhiteElo "1743"]
[BlackElo "2123"]
[Annotator "NA"]
[PlyCount "60"]
[EventDate "2022.02.12"]
[EventCountry "URU"]
[SourceTitle "playchess.com"]
[Source "ChessBase"]
[SourceQuality "1"]
[TimeControl "5400+30"]

1. e4 c6 2. d4 d5 3. Nc3 dxe4 4. Nxe4 Bf5 5. Ng3 Bg6 6. h4 h6 7. Nf3 Nd7 8. h5 Bh7 9. Bd3 Bxd3 10. Qxd3 Ngf6 11. Bd2 e6 12. O-O-O Qc7 13. Kb1 Bd6 14. Ne2 O-O-O 15. g3 Ng4 16. Rdf1 Kb8 17. Bf4 c5 $15 18. Bxd6 Qxd6 19. Qa3 Qc7 20. Rh4 f5 21. Nd2 cxd4 22. Nxd4 Nc5 23. N2b3 Nxb3 24. Nxb3 Rd5 25. Rhh1 Rhd8 26. f4 a5 27. Qa4 Ne3 28. Rc1 Nc4 29. Rhe1 Nb6 30. Qa3 a4 0-1

[Event "V Copa Marcel Duchamp 2022"]
[Site "Montevideo"]
[Date "2022.02.13"]
[Round "3.22"]
[White "Castro, Cesar"]
[Black "Zaruski, Julio"]
[Result "1-0"]
[ECO "B91"]
[WhiteElo "2097"]
[BlackElo "1764"]
[Annotator "ChessBase"]
[PlyCount "107"]
[EventDate "2022.02.12"]
[EventCountry "URU"]
[SourceTitle "playchess.com"]
[Source "ChessBase"]
[SourceQuality "1"]
[TimeControl "5400+30"]

1. e4 c5 2. Nf3 d6 3. Nc3 Nf6 4. d4 cxd4 5. Nxd4 a6 6. g3 e5 7. Nb3 Be7 8. Bg2 Be6 9. O-O O-O 10. h3 Qc7 11. Be3 Nbd7 12. a4 Bc4 13. Re1 b5 14. axb5 axb5 15. Nd2 b4 16. Nxc4 Qxc4 17. Nd5 Nxd5 18. exd5 f5 19. Bf1 Qc7 20. Qd2 Qb7 21. b3 Bf6 22. Bg5 g6 23. Ra4 Bxg5 24. Qxg5 Nc5 25. Rxa8 Qxa8 26. Qe7 Qd8 27. Rxe5 Ne4 28. Qxd8 Rxd8 29. Re7 Rc8 30. Bd3 Nc5 31. Bc4 Rb8 32. Kg2 Rb7 33. Rxb7 Nxb7 34. Kf3 Nc5 35. Ke3 Kf7 36. Bd3 Kf6 37. Kd4 Nd7 38. Kc4 Nb6+ 39. Kxb4 Nxd5+ 40. Kc4 Ke5 41. f4+ Ke6 42. b4 Nf6 43. Be2 h5 44. b5 Ne4 45. b6 Kd7 46. Kb5 Kc8 47. Kc6 d5 48. Ba6+ Kb8 49. Kxd5 Nxg3 50. c4 h4 51. c5 Nh5 52. Ke5 Ng7 53. c6 Ne8 54. Ke6 1-0

[Event "V Copa Marcel Duchamp 2022"]
[Site "Montevideo"]
[Date "2022.02.13"]
[Round "3.23"]
[White "Larrea, Daniela"]
[Black "Brizzi, Milagros Tatiana"]
[Result "0-1"]
[ECO "D12"]
[WhiteElo "1705"]
[BlackElo "2063"]
[Annotator "ChessBase"]
[PlyCount "52"]
[EventDate "2022.02.12"]
[EventCountry "URU"]
[SourceTitle "playchess.com"]
[Source "ChessBase"]
[SourceQuality "1"]
[TimeControl "5400+30"]

1. d4 d5 2. c4 c6 3. Nf3 Nf6 4. e3 Bf5 5. Nc3 e6 6. Bd3 Bxd3 7. Qxd3 Nbd7 8. O-O Bb4 9. Bd2 a5 10. Rac1 O-O 11. Rfd1 Re8 12. Ne2 Bd6 13. Ng3 Bxg3 14. hxg3 Ne4 15. Be1 f5 16. Nd2 Qg5 17. Nf1 Rf8 18. f3 Nd6 19. c5 Nf7 20. e4 fxe4 21. fxe4 Nf6 22. e5 Ng4 23. Nh2 Nxh2 24. Kxh2 Nh6 25. g4 Nxg4+ 26. Kg1 Ne3 0-1

[Event "V Copa Marcel Duchamp 2022"]
[Site "Montevideo"]
[Date "2022.02.13"]
[Round "3.24"]
[White "Pichuaga, Juan Pablo"]
[Black "Parma, Pamela"]
[Result "1-0"]
[ECO "C40"]
[WhiteElo "2030"]
[BlackElo "1761"]
[Annotator "NA"]
[PlyCount "83"]
[EventDate "2022.02.12"]
[EventCountry "URU"]
[SourceTitle "playchess.com"]
[Source "ChessBase"]
[SourceQuality "1"]
[TimeControl "5400+30"]

1. e4 e5 2. Nf3 d5 3. d3 dxe4 4. dxe4 Qxd1+ 5. Kxd1 Nc6 6. Bd3 Bg4 (6... Nf6 {is more appropriate.}) 7. c3 O-O-O 8. Kc2 Bc5 9. Ng5 $11 Bh5 10. f3 h6 11. Nh3 Nge7 12. Re1 f5 13. Be3 fxe4 14. Bxe4 Bxe3 15. Rxe3 Nd5 16. Re1 Rhf8 17. Na3 Nf4 18. Nxf4 exf4 19. Bxc6 bxc6 20. Rad1 Rf6 21. Rxd8+ Kxd8 22. Nc4 Bf7 23. Ne5 Bg8 24. c4 Kc8 25. Kc3 Kb7 26. b4 g5 27. Nd7 Rd6 28. Nc5+ Kc8 29. Re8+ Rd8 30. Re7 Rd1 31. Rg7 Rd8 32. Na6 Re8 33. Rxc7+ Kd8 34. Rxa7 Re3+ 35. Kd4 Be6 36. Nc5 Bf5 37. Rf7 Bb1 38. a4 Re2 39. Nb7+ Ke8 40. Nd6+ Kd8 41. Kc5 Rxg2 42. Kxc6 1-0

[Event "V Copa Marcel Duchamp 2022"]
[Site "Montevideo"]
[Date "2022.02.13"]
[Round "3.25"]
[White "Torales, Agustin"]
[Black "Mateus, Martha"]
[Result "1-0"]
[ECO "B90"]
[WhiteElo "1682"]
[BlackElo "2019"]
[Annotator "NA"]
[PlyCount "119"]
[EventDate "2022.02.12"]
[EventCountry "URU"]
[SourceTitle "playchess.com"]
[Source "ChessBase"]
[SourceQuality "1"]
[TimeControl "5400+30"]

1. e4 c5 2. Nf3 d6 3. d4 cxd4 4. Nxd4 Nf6 5. Nc3 a6 6. Bc4 e6 7. Bb3 Nbd7 8. O-O Nc5 9. Qe2 Be7 10. f4 O-O 11. f5 Nxb3 12. axb3 e5 13. Nf3 Bd7 14. Bg5 Qb6+ 15. Kh1 Bb5 16. Nxb5 Qxb5 17. Qxb5 axb5 18. Bxf6 gxf6 $16 ({Black should play} 18... Bxf6 $14 19. c3 h5) 19. c4 Rfc8 20. Rxa8 Rxa8 21. g3 Bf8 22. Kg2 Bh6 23. Rf2 Ra1 24. Rc2 Be3 25. Re2 Bc5 26. Re1 Ra2 27. Re2 bxc4 28. bxc4 Ba3 29. Ne1 Rxb2 30. Rxb2 Bxb2 31. Nc2 Bc3 32. Ne3 Ba5 33. Nd5 Bd8 34. g4 Kf8 35. Kg3 Ke8 36. Kh4 Kd7 37. Kh5 Kc6 38. Kh6 Kc5 39. Kxh7 Kxc4 40. h4 b5 41. h5 Ba5 42. Kg7 Bd2 43. Kxf6 Kd4 44. g5 Kxe4 45. g6 fxg6 46. fxg6 Bh6 47. g7 Bxg7+ 48. Kxg7 Kxd5 49. h6 b4 50. h7 Kd4 51. h8=Q b3 52. Qh3 Kc4 53. Kf6 b2 54. Qf1+ Kc3 55. Qb1 e4 56. Qxe4 d5 57. Qb1 d4 58. Ke5 d3 59. Ke4 d2 60. Ke3 1-0

[Event "V Copa Marcel Duchamp 2022"]
[Site "Montevideo"]
[Date "2022.02.13"]
[Round "3.26"]
[White "Cordero, Daniela"]
[Black "Boabaid, Jorge Alberto Duarde"]
[Result "0-1"]
[ECO "D05"]
[WhiteElo "2011"]
[BlackElo "1756"]
[Annotator "NA"]
[PlyCount "76"]
[EventDate "2022.02.12"]
[EventCountry "URU"]
[SourceTitle "playchess.com"]
[Source "ChessBase"]
[SourceQuality "1"]
[TimeControl "5400+30"]

1. d4 Nf6 2. Nf3 e6 3. e3 d5 4. Bd3 Bd6 5. O-O b6 6. c4 O-O 7. cxd5 exd5 8. Nc3 c6 9. e4 dxe4 10. Nxe4 Be7 11. Qc2 h6 12. Rd1 Be6 13. a4 (13. Ne5 $14) 13... Bd5 14. a5 ({White should try} 14. Ne5 $14) 14... Nbd7 15. Bf4 Nxe4 16. Bxe4 Nf6 $11 17. Bxd5 cxd5 18. Bc7 Qd7 19. axb6 axb6 20. Rxa8 Rxa8 21. Bxb6 Ne4 22. Bc5 Bf6 23. Nd2 Ng5 24. h3 Rc8 25. Qd3 Ne6 26. b4 Nf4 27. Qa6 Re8 28. Nf3 Qf5 29. Qf1 Nxh3+ 30. gxh3 Qxf3 31. Rd3 Qf4 32. b5 Re6 33. Qd1 Bd8 34. Qd2 Rg6+ 35. Kf1 Qh2 36. Re3 Rg1+ 37. Ke2 Bh4 38. Rf3 Qg2 0-1

[Event "V Copa Marcel Duchamp 2022"]
[Site "Montevideo"]
[Date "2022.02.13"]
[Round "3.30"]
[White "Gaye, Gustavo"]
[Black "Elena, Eduardo"]
[Result "0-1"]
[ECO "B23"]
[WhiteElo "1990"]
[BlackElo "1712"]
[Annotator "ChessBase"]
[PlyCount "126"]
[EventDate "2022.02.12"]
[EventCountry "URU"]
[SourceTitle "playchess.com"]
[Source "ChessBase"]
[SourceQuality "1"]
[TimeControl "5400+30"]

1. e4 c5 2. Nc3 e6 3. g3 a6 4. Bg2 Nc6 5. Nge2 Nf6 6. f4 d6 7. O-O Be7 8. h3 Qc7 9. d3 Bd7 10. Be3 h5 11. d4 cxd4 12. Nxd4 Rc8 13. Nb3 b5 14. Rc1 O-O 15. g4 hxg4 16. hxg4 d5 17. g5 Nxe4 18. Nxe4 dxe4 19. Bxe4 Bxg5 20. Qh5 Bh6 21. Rf2 f5 22. Bd3 Rf6 23. Rcf1 Be8 24. Qh3 Ne7 25. Nd4 Nd5 26. Bd2 Rg6+ 27. Kh1 Bf7 28. Nxf5 exf5 29. Bxf5 Ne7 30. Bxc8 Bd5+ 31. Kh2 Nxc8 32. Qc3 Rc6 33. Qd4 Qf7 34. Qe5 Ne7 35. Re1 Kh7 36. Re3 Ng6 37. Qh5 Rxc2 38. Rg3 Nh8 39. Qxf7 Nxf7 40. Kg1 Rxb2 41. Bc3 Rb1+ 42. Rf1 Rxf1+ 43. Kxf1 Bxa2 44. Ke2 Nd6 45. Be5 Nc4 46. Bd4 a5 47. Kd1 Nd6 48. Rh3 Nf5 49. Be5 Bc4 50. Kc2 Kg6 51. Kc3 Be6 52. Rh1 Ne3 53. Kd4 Nc4 54. Rg1+ Kf7 55. Bc7 Kf6 56. Bd8+ Kf5 57. Bg5 Nd2 58. Kc5 Bc4 59. Bxh6 gxh6 60. Rh1 Kxf4 61. Rxh6 Ke4 62. Rh3 Nb3+ 63. Kb6 a4 0-1